 Dungeon Crawl Stone Soup version 0.29.1-15-g9cfb28693d (webtiles) character file.

Game seed: 11287588696362094752

13230 javelincjr the Nimble (level 12, -2/88 HPs)
             Began as a Djinni Conjurer on Feb 28, 2023.
             Was a Priest of Makhleb.
             Slain by a boulder beetle (46 damage)
             ... on level 8 of the Dungeon.
             The game lasted 01:06:39 (16716 turns).

javelincjr the Nimble (Djinni Conjurer)            Turns: 16716, Time: 01:06:39

Health: -2/88      AC: 14    Str:  8    XL:     12   Next: 30%
Gold:   623        EV: 17    Int: 22    God:    Makhleb [***...] SH:  0 Dex: 20

rFire   + + .      SeeInvis .   F - +8 trident of Patience {vamp, *Slow rCorr Dex+7 Stlth-}
rCold   x . .      Faith    .   (no shield)
rNeg    . . .      Spirit   .   L - +0 troll leather armour
rPois   ∞          Reflect  .   B - +1 helmet
rElec   .          Harm     .   N - +0 cloak
rCorr   +          Rampage  .   o - +0 pair of gloves
Will    +....                   (boots unavailable)
Stlth   +++.......              (no amulet)
HPRegen 1.04/turn               n - +4 ring of protection
MPRegen 0.00/turn               f - ring of resist corrosion

@: on berserk cooldown, flying, slowed, very slow
A: sickness immunity, fire resistance 2, cold vulnerability 1, float, innate
caster, HP casting, extra vitality 1
a: Renounce Religion, Minor Destruction, Lesser Servant of Makhleb


You were on level 8 of the Dungeon.
You worshipped Makhleb.
Makhleb was most pleased with you.
You visited 2 branches of the dungeon, and saw 13 of its levels.
You also visited: Bailey.

You collected 623 gold pieces.

Inventory:

Hand Weapons
 j - a +1 long sword of distortion
 y - a +4 mace
 F - the +8 trident of Patience (weapon) {vamp, *Slow rCorr Dex+7 Stlth-}
   (You took it off a spriggan in a bailey)

   It occasionally heals its wielder for a portion of the damage dealt when it
   wounds a living foe.
   Dex:       It affects your dexterity (+7).
   rCorr:     It protects you from acid and corrosion.
   *Slow:     It may slow you when you take damage.
   Stlth:     It makes you less stealthy.
 H - a +2 long sword of holy wrath
Missiles
 s - 6 curare-tipped darts
 x - a boomerang of dispersal
Armour
 a - a +0 robe
 o - a +0 pair of gloves (worn)
 A - a +2 chain mail of cold resistance
 B - a +1 helmet (worn)
 D - the quicksilver dragon scales of Anarchy {Will+ rCorr}
   (You took it off a spriggan in a bailey)

   rCorr:     It protects you from acid and corrosion.
   Will:      It increases your willpower.
 L - a +0 troll leather armour (worn)
 N - a +0 cloak (worn)
Jewellery
 f - a ring of resist corrosion (right hand)
 n - a +4 ring of protection (left hand)
 I - a ring of see invisible
Wands
 c - a wand of quicksilver (25)
 k - a wand of charming (18)
 u - a wand of digging (6)
 v - a wand of polymorph (4)
 z - a wand of iceblast (11)
Scrolls
 b - 6 scrolls of blinking
 d - 2 scrolls of summoning
 e - a scroll of silence
 i - 4 scrolls of enchant armour
 m - 5 scrolls of enchant weapon
 p - 3 scrolls of noise
 r - a scroll of torment {unknown}
 t - 2 scrolls of fear {unknown}
 w - 2 scrolls of butterflies {unknown}
 E - 3 scrolls of magic mapping {unknown}
 G - a scroll of teleportation {unknown}
 M - a scroll of amnesia {unknown}
 P - a scroll of identify
Potions
 g - a potion of magic
 h - 2 potions of haste
 l - 8 potions of curing
 q - 2 potions of lignification
 J - a potion of mutation {unknown}
 K - a potion of might {unknown}
 O - a potion of heal wounds


   Skills:
 * Level 8.7 Fighting
 + Level 3.1 Polearms
 + Level 7.6 Armour
 + Level 8.9 Dodging
 + Level 7.2 Stealth
 * Level 7.5 Spellcasting
 + Level 3.8 Invocations


You couldn't memorise any spells.
You knew the following spells:

 Your Spells              Type           Power      Damage    Failure   Level
a - Magic Dart            Conj           100%       1d8       1%          1
b - Searing Ray           Conj           82%        2d7       1%          2
c - Dazzling Flash        Conj/Hex       82%        N/A       1%          3
d - Fulminant Prism       Conj/Hex       20%        3d13      4%          4
e - Iskenderun's Mystic   Conj/Tloc      41%        2d9       4%          4
f - Necrotise             Necr           100%       1d9       1%          1
g - Passwall              Tmut/Erth      34%        N/A       1%          2
h - Mephitic Cloud        Conj/Pois/Air  41%        N/A       1%          3
i - Swiftness             Air            41%        N/A       1%          3
j - Leda's Liquefaction   Hex/Erth       20%        N/A       4%          4
Your spell library was empty.

Dungeon Overview and Level Annotations

Branches:
Dungeon (12/15)            Temple (1/1) D:6            Lair (0/5) D:8
    Orc (0/2) D:9          Bailey (visited)

Altars:
Ashenzari
Cheibriados
Dithmenos
Elyvilon
Fedhas
Gozag
Hepliaklqana
Makhleb
Nemelex Xobeh
Okawaru
Qazlal
Ru
Uskayaw
Wu Jian
Xom
Yredelemnul
Zin
The Shining One

Shops:
D:1 :

Annotations:
D:9 3 runed translucent doors, billybob123456's ghost, novice MiMo; croobank's ghost, novice OpDe
D:12 Frances


Innate Abilities, Weirdness & Mutations

You are immune to sickness and miasma.
You are immune to poison.
Your flesh is very heat resistant. (rF++)
You are vulnerable to cold. (rC-)
You float through the air rather than walking.
You learn spells naturally, not from books.
Your magical power is your life essence.
You have superior vitality. (+4 MHP)


Message History

The boulder beetle is heavily wounded.
* * * LOW HITPOINT WARNING * * *
The boulder beetle is engulfed in noxious fumes. x2
Casting: Mephitic Cloud (safe; 1% risk of failure)
Confirm with . or Enter, or press ? or * to list all spells.
You erupt in a blast of force!
The mystic blast hits the boulder beetle but does no damage.
The boulder beetle is heavily wounded.
* * * LOW HITPOINT WARNING * * *
The boulder beetle hits you.
* * * LOW HITPOINT WARNING * * *
The boulder beetle stops rolling and uncurls.
The boulder beetle misses you.
Casting: Iskenderun's Mystic Blast (dangerous; 4% risk of failure)
Confirm with . or Enter, or press ? or * to list all spells.
You erupt in a blast of force!
The mystic blast hits the boulder beetle but does no damage.
The boulder beetle is heavily wounded.
* * * LOW HITPOINT WARNING * * *
You feel yourself speed up. The boulder beetle misses you.
Casting: Iskenderun's Mystic Blast (dangerous; 4% risk of failure)
Confirm with . or Enter, or press ? or * to list all spells.
You erupt in a blast of force!
The mystic blast hits the boulder beetle but does no damage.
The boulder beetle is heavily wounded.
* * * LOW HITPOINT WARNING * * *
The boulder beetle closely misses you.
You feel much better.
The boulder beetle leaps!
A red film seems to cover your vision as you go berserk!
You feel yourself moving faster!
You feel mighty!
You feel a strong urge to attack something.
The boulder beetle curls into a ball and begins rolling!
You feel your anger nearly subside.
You are no longer berserk.
You are exhausted.
You feel yourself slow down.
There is a stone staircase leading down here.
The boulder beetle hits you!!!
Ouch! That really hurt!
You die...

..........##.....>...###.........
..........##.........##..........
.........###).##.....<...........
.#............##...............).
##.#.##..#....##.....#...........
#...#..##.#..##.#......#........
#.#...###.#..#..#.....##........
#.###.##..#....##.....##........
#.# #..#.#.....@......##.######.
#.####.#.#...###B.....##.# #.
#.##............○.....##.# #.
#.#............°####..##.######.
#.#..##.#.....°.................
#.#.###......°..###.....########
#.### ##.....#####.......## #.#
#......# #.........# ##.###
###..### #.........#


You could see a boulder beetle (rolling).

Vanquished Creatures
  A centaur warrior (D:9)
  4 two-headed ogres
  Pikel (D:7)
  A deep elf pyromancer (D:11)
  Maurice (D:9)
  An unseen horror (D:11)
  2 trolls
  2 hornets
  Sigmund (D:3)
  2 wyverns
  Eustachio (D:5)
  4 spriggans (Bailey)
  A shadow (D:11)
  7 wraiths
  Grum (D:8)
  2 steam dragons
  Duvessa (D:5)
  2 ice beasts (D:6)
  6 orc warriors
  4 black bears
  2 sky beasts (D:7)
  4 ogres
  4 wolves (D:8)
  3 centaurs
  5 kobold brigands
  A phantom (D:5)
  3 bullfrogs (D:7)
  2 scorpions
  A necrophage (D:6)
  7 wights
  Dowan (D:5)
  7 killer bees
  6 howler monkeys
  4 jellies
  10 orc priests
  A gnoll bouda (D:5)
  An iron imp (D:7)
  Ijyb (D:4)
  6 iguanas
  11 orc wizards
  Robin (D:2)
  3 gnolls
  8 adders
  2 worms
  2 dart slugs
  39 orcs
  8 ball pythons
  6 endoplasms
  5 giant cockroaches
  12 goblins
  14 hobgoblins
  2 jackals (D:1)
  A quokka (D:4)
  6 bats
  2 frilled lizards (D:3)
  14 kobolds
  6 rats
256 creatures vanquished.

Vanquished Creatures (collateral kills)
  An orc priest (D:5)
  A goblin (D:2)
2 creatures vanquished.

Vanquished Creatures (others)
  96 fulminant prisms
  16 plants (D:7)
112 creatures vanquished.

Grand Total: 370 creatures vanquished

Notes
Turn   | Place    | Note
-------+----------+-------------------------------------------
     0 | D:1      | javelincjr the Djinni Conjurer began the quest for the Orb.
     0 | D:1      | javelincjr set off with the following spells memorised:
                  | Magic Dart, Searing Ray, Dazzling Flash, Fulminant Prism,
                  | Iskenderun's Mystic Blast.
     0 | D:1      | Reached XP level 1. HP: 15/15 MP: 0/0
   144 | D:1      | Found Lifearai's Book Shop.
   224 | D:1      | Reached XP level 2. HP: 19/21 MP: 0/0
   606 | D:1      | Reached XP level 3. HP: 13/26 MP: 0/0
   606 | D:1      | Learned a level 1 spell: Necrotise
   766 | D:1      | Found a faded altar of an unknown god.
  1356 | D:2      | Reached skill level 1 in Fighting
  1440 | D:2      | Reached skill level 1 in Armour
  1446 | D:2      | Reached XP level 4. HP: 20/32 MP: 0/0
  1447 | D:2      | Noticed Robin
  1680 | D:2      | Killed Robin
  2764 | D:3      | Reached XP level 5. HP: 33/37 MP: 0/0
  2764 | D:3      | Learned a level 2 spell: Passwall
  3133 | D:3      | Noticed Sigmund
  3141 | D:3      | Killed Sigmund
  3142 | D:3      | Reached XP level 6. HP: 30/44 MP: 0/0
  4178 | D:4      | Reached XP level 7. HP: 30/49 MP: 0/0
  4178 | D:4      | Learned a level 3 spell: Mephitic Cloud
  4926 | D:5      | Entered Level 5 of the Dungeon
  5270 | D:5      | Noticed Eustachio
  5456 | D:5      | Noticed Duvessa
  5459 | D:5      | Noticed Ijyb
  5459 | D:5      | Noticed Dowan
  5460 | D:5      | Reached XP level 8. HP: 32/56 MP: 0/0
  5833 | D:5      | Reached skill level 5 in Dodging
  6118 | D:4      | Killed Ijyb
  6469 | D:5      | Killed Duvessa
  6473 | D:5      | Killed Dowan
  6695 | D:5      | Killed Eustachio
  7078 | D:6      | Reached XP level 9. HP: 59/63 MP: 0/0
  7078 | D:6      | Learned a level 3 spell: Swiftness
  7464 | D:6      | Reached skill level 5 in Spellcasting
  7598 | D:6      | Found a staircase to the Ecumenical Temple.
  7612 | Temple   | Entered the Ecumenical Temple
  7693 | Temple   | Became a worshipper of Makhleb the Destroyer
  8112 | D:6      | Reached skill level 5 in Fighting
  8112 | D:6      | Reached skill level 5 in Armour
  8404 | D:6      | Reached skill level 5 in Stealth
  9600 | D:7      | Found a flagged portal.
  9906 | D:7      | Reached XP level 10. HP: 24/71 MP: 0/0
 10074 | Bailey   | Entered a bailey
 10247 | Bailey   | Reached * piety under Makhleb
 10295 | Bailey   | Noticed a two-headed ogre
 10328 | Bailey   | Killed a two-headed ogre
 10333 | Bailey   | Identified the +8 trident of Patience {vamp, *Slow rCorr
                  | Dex+7 Stlth-}
 10345 | Bailey   | Identified the quicksilver dragon scales of Anarchy {Will+
                  | rCorr}
 10896 | D:7      | Found a large runed translucent door.
 10901 | D:7      | Found a large runed translucent door.
 10924 | D:7      | Found a snail-covered altar of Cheibriados.
 11227 | D:7      | Found a basalt altar of Yredelemnul.
 11232 | D:7      | Found a sparkling altar of Nemelex Xobeh.
 11540 | D:7      | Reached skill level 1 in Invocations
 12024 | D:8      | Noticed a two-headed ogre
 12029 | D:8      | Reached skill level 1 in Polearms
 12269 | D:7      | Killed a two-headed ogre
 12270 | D:7      | Reached XP level 11. HP: 46/79 MP: 0/0
 12270 | D:7      | Learned a level 4 spell: Leda's Liquefaction
 12419 | D:8      | Noticed a two-headed ogre
 12419 | D:8      | Noticed Pikel
 13014 | D:7      | Killed Pikel
 13790 | D:7      | Killed a two-headed ogre
 14216 | D:8      | Noticed Grum
 14479 | D:8      | Killed Grum
 14646 | D:8      | Reached ** piety under Makhleb
 14990 | D:8      | Found a staircase to the Lair.
 15108 | D:9      | You are sucked into a shaft and drop 3 floors!
 15125 | D:12     | Noticed Frances
 15231 | D:11     | Noticed a deep elf pyromancer
 15254 | D:11     | Killed a deep elf pyromancer
 15501 | D:11     | Noticed a two-headed ogre
 15514 | D:11     | Killed a two-headed ogre
 15993 | D:11     | Noticed a boulder beetle
 16107 | D:10     | Entered Level 10 of the Dungeon
 16193 | D:10     | Reached XP level 12. HP: 85/87 MP: 0/0
 16302 | D:9      | Found a runed translucent gate.
 16302 | D:9      | Found a runed translucent gate.
 16303 | D:9      | Found a runed translucent gate.
 16304 | D:9      | Noticed croobank's ghost (novice OpDe)
 16304 | D:9      | Noticed billybob123456's ghost (novice MiMo)
 16309 | D:9      | Noticed Maurice
 16344 | D:9      | Killed Maurice
 16439 | D:9      | Reached *** piety under Makhleb
 16594 | D:9      | Found a staircase to the Orcish Mines.
 16635 | D:9      | Noticed a boulder beetle
 16643 | D:9      | Noticed a centaur warrior
 16653 | D:9      | Killed a centaur warrior
 16697 | D:9      | Noticed a centaur warrior
 16716 | D:8      | Slain by a boulder beetle

Illustrated notes

Levels and vault maps discovered:
D:1:      minmay_arrival_nine_rooms, layout_loops_ring, serial_shops,
          shop_statue, hellmonk_ecumenical_altar_blasted
D:2:      layout_rooms, basic_altar, minmay_distorted, uniq_robin
D:3:      layout_loops_corners, reono_crystal_passage, uniq_sigmund
D:4:      layout_gridville
D:5:      layout_rooms, serial_glass, glass_columns_b, glass_columns_a,
          glass_columns_b, glass_columns_b, uniq_ijyb, uniq_eustachio,
          uniq_duvessa
D:6:      layout_basic, minmay_temple_entry_glassed_door, serial_rivers,
          chequers_serial_rivers_small_3, chequers_serial_rivers_micro_a,
          chequers_serial_rivers_small_b, chequers_serial_rivers_room_a,
          chequers_serial_rivers_small_a, chequers_serial_rivers_micro_b
D:7:      layout_rooms, mainiacjoe_overflow_cross_hatched,
          jmf_multi_god_temple2, slow_altar_1, enter_bailey_4,
          kennysheep_generic_room_10
D:8:      layout_rooms, lair_entry_dummy, uniq_grum, uniq_pikel
D:9:      layout_loops_cross, tgw_trog, gammafunk_ghost_cemetery,
          minmay_variable_closet, nicolae_rejected_hall, uniq_maurice
D:10:     cheibrodos_ideogram_h, layout_basic, uniq_erolcha
D:11:     layout_layer_cave, serial_shops, nicolae_square_shop,
          minmay_guarded_unrand_finisher
D:12:     layout_stronghold, evilmike_minifort, uniq_frances, uniq_azrael
Temple:   minmay_temple_bridge_d

Skill      XL: |  1  2  3  4  5  6  7  8  9 10 11 12 |
---------------+-------------------------------------+-----
Stealth        | 2 3 4 5 6 7 |  7.2
Fighting       | 1 2 3 4 5 7 8 |  8.7
Armour         | 1 2 3 4 5 6 7 |  7.6
Dodging        | 3 4 5 6 7 8 |  8.9
Spellcasting   | 4 5 6 7 |  7.5
Invocations    | 1 3 |  3.8
Polearms       | 1 2 3 |  3.1

Action                   |  1- 3 |  4- 6 |  7- 9 | 10-12 || total
-------------------------+-------+-------+-------+-------++-------
Melee: Long sword        |     3 |     3 |    12 |       ||    18
       Trident           |       |       |       |    15 ||    15
 Cast: Magic Dart        |    66 |    97 |    76 |   170 ||   409
       Searing Ray       |     1 |     9 |    12 |     5 ||    27
       Necrotise         |       |     8 |     8 |     6 ||    22
       Iskenderun's Myst |       |     1 |    58 |   137 ||   196
       Fulminant Prism   |       |       |    26 |    71 ||    97
       Mephitic Cloud    |       |       |     6 |     6 ||    12
       Leda's Liquefacti |       |       |       |     2 ||     2
       Dazzling Flash    |       |       |       |     1 ||     1
Invok: Minor Destruction |       |       |       |     1 ||     1
  Use: Potion            |       |     1 |       |     4 ||     5
       Scroll            |       |     1 |     5 |     5 ||    11
Armor: Robe              |     3 |    12 |    29 |     1 ||    45
       Skin              |       |       |     7 |       ||     7
       Quicksilver drago |       |       |       |    34 ||    34
       Troll leather arm |       |       |       |     9 ||     9
Dodge: Dodged            |     6 |    34 |    48 |    92 ||   180
